AoeStats
← Caramiiel

Arabia

508458453Analyzed
1v1 RM · 9d ago on Sep 22, 2026· 38m 52s· 2 players
Game mode
Random Map
Map size
Tiny (2 player)
Population
200
Speed
Normal
Resources
Standard
Victory
Conquest
Starting age
Dark Age
Ending age
Imperial Age
RankedLock teamsTeams togetherTeam positionsShared explorationLock speedFull tech treeHidden civsTurbo modeCheats
Victory
Defeat
🇫🇷 Magyars · France
955
+17
🇯🇵 Hindustanis · Japan
981
-17
Caramiiel
3:47 Loom
11:10 Feudal Age
13:04 Double-Bit Axe
16:29 Wheelbarrow
22:04 Castle Age
20:26 Bloodlines
20:30 Scale Barding Armor
21:31 Horse Collar
21:44 Gold Mining
23:26 Chain Barding Armor
25:03 Husbandry
27:19 Gold Shaft Mining
27:56 Hand Cart
28:15 Bow Saw
31:09 Heavy Plow
39:53 Imperial Age
Ituki_ouji
6:25 Loom
9:41 Feudal Age
10:27 Double-Bit Axe
10:06 Man-at-Arms
11:57 Wheelbarrow
12:03 Gold Mining
16:18 Horse Collar
17:12 Stone Mining
21:02 Fletching
21:36 Padded Archer Armor
28:53 Forging
28:44 Scale Mail Armor
32:51 Castle Age
33:25 Bloodlines
33:54 Squires
35:01 Pikeman
37:01 Gold Shaft Mining
37:00 Bow Saw
38:53 Husbandry
Connection lost

Rejoining the realm…

Still unreachable

The connection could not be restored.

Session expired

The server has moved on; the page needs a fresh start.